 Dungeon Crawl Stone Soup version 0.26.1-10-gdfb7c7de75 (webtiles) character file.

Game seed: 3912316221455527817

1285 Mattiprrivan the Caller (level 8, -2/44 HPs)
             Began as a Tengu Summoner on Apr 11, 2021.
             Was a Believer of Makhleb.
             Killed by divine providence
             ... invoked by an orc priest
              (13 damage)
             ... on level 6 of the Dungeon.
             The game lasted 00:54:23 (7478 turns).

Mattiprrivan the Caller (Tengu Summoner)            Turns: 7478, Time: 00:54:24

Health: -2/44      AC:  5    Str: 10    XL:     8   Next: 55%
Magic:  1/14       EV: 13    Int: 16    God:    Makhleb [**....]
Gold:   401        SH:  0    Dex: 15    Spells: 8/14 levels left

rFire    + + .     SeeInvis .   t - +0 dagger (venom)
rCold    + . .     Faith    .   (no shield)
rNeg     . . .     Spirit   .   c - +2 leather armour
rPois    .         Reflect  .   (helmet restricted)
rElec    .         Harm     .   o - scarf {rC+ rF+}
rCorr    .         Rampage  .   (no gloves)
Will     .....                  (boots unavailable)
Stlth    ++........             (no amulet)
HPRegen  0.14/turn              i - ring of protection from fire
MPRegen  0.14/turn              (no ring)

@: very slightly contaminated
A: beak, talons 3, able to fly
a: Fly, Renounce Religion, Minor Destruction


You were on level 6 of the Dungeon.
You worshipped Makhleb.
Makhleb was pleased with you.
You visited 1 branch of the dungeon, and saw 6 of its levels.

You collected 401 gold pieces.

Inventory:

Hand Weapons
 t - a +0 dagger of venom (weapon)
Missiles
 b - a throwing net
 e - 23 poisoned darts (quivered)
 f - 3 silver boomerangs
 l - 2 boomerangs of dispersal
 m - 6 boomerangs
Armour
 c - a +2 leather armour (worn)
 o - a scarf of resistance (worn)
Jewellery
 i - a ring of protection from fire (left hand)
Wands
 j - a wand of disintegration (11)
Scrolls
 a - a scroll of fear
 d - 5 scrolls of remove curse
 g - 4 scrolls of identify
 q - a scroll of teleportation
Potions
 h - 2 potions of haste
 k - a potion of cancellation
 n - 2 potions of might


   Skills:
 * Level 2.1 Fighting
 * Level 2.7(3.2) Short Blades
 * Level 2.4(3.1) Long Blades
 * Level 2.3 Throwing
 * Level 2.7 Armour
 * Level 3.4 Dodging
 * Level 3.2 Stealth
 * Level 2.8 Unarmed Combat
 * Level 3.9 Spellcasting
 * Level 6.5 Summonings
 * Level 3.1 Air Magic
 * Level 1.7 Invocations
 * Level 2.0 Evocations


You had 8 spell levels left.
You knew the following spells:

 Your Spells              Type           Power        Failure   Level
b - Call Imp              Summ           24%          2%          2
c - Summon Lightning Spi  Summ/Air       18%          30%         4

Your spell library contained the following spells:

 Spells                   Type           Power        Failure   Level
 Summon Small Mammal      Summ           96%          1%          1
 Call Canine Familiar     Summ           24%          4%          3
 Summon Guardian Golem    Hex/Summ       13%          19%         3
 Summon Ice Beast         Ice/Summ       13%          52%         4


Dungeon Overview and Level Annotations

Branches:
Dungeon (6/15)             Temple (0/1) D:4

Altars:
Elyvilon
Gozag
Makhleb
Qazlal
Sif Muna
Vehumet
Yredelemnul


Innate Abilities, Weirdness & Mutations

You have a beak for a mouth.
You have claws for feet.
You can fly continuously.


Message History

Your lightning spire completely resists.
Casting: Summon Lightning Spire (quite dangerous; 30% risk of failure)
Confirm with . or Enter, or press ? or * to list all spells.
A beastly little devil appears in a puff of flame.
Your lightning spire shoots out a bolt of lightning at the orc warrior!
The bolt of electricity hits the orc warrior!
The orc priest hits your lightning spire but does no damage.
The orc priest hits your lightning spire but does no damage.
Your crimson imp hits the orc warrior but does no damage.
Casting: Call Imp (safe; 2% risk of failure)
Confirm with . or Enter, or press ? or * to list all spells.
You don't have enough magic to cast that spell.
Okay, then.
The orc priest hits your lightning spire but does no damage.
The orc warrior closely misses your crimson imp.
Your crimson imp closely misses the orc warrior.
The orc warrior looks more healthy.
The orc priest mumbles some strange prayers to Beogh against you.
Beogh smites you!
You die...

.# .........##.# ##
#### .........##.#
..... ........†##.#
..... ######.#.##.#
......#########.#.##.#
......#.......#.#.##.#
.......)......#...# .#
#o8.o5..##..# .#
#......@##..# .#
#.......###.# .#
#.......# #.##.#
#.......# #..#.#
####.#### #..#.# #.#
#....# #.######.#..#
#(.......#..#
##########.>#


You could see an orc warrior, an orc priest, a friendly lightning spire
(summoned) and a friendly crimson imp (summoned).

Vanquished Creatures
  An orc warrior (D:6)
  A sky beast (D:5)
  A centaur (D:6)
  Dowan (D:5)
  A gnoll sergeant (D:5)
  A scorpion (D:6)
  2 orc priests (D:3)
  A centaur skeleton (D:5)
  2 hounds
  4 orc wizards
  2 worker ants (D:6)
  A howler monkey zombie (D:5)
  8 gnolls
  6 adders
  An ufetubus (D:6)
  3 oozes
  2 worms (D:4)
  A dart slug (D:3)
  4 leopard geckos
  13 orcs
  7 giant cockroaches
  2 goblins
  2 hobgoblins
  6 jackals (D:4)
  3 quokkas (D:6)
  3 bats
  3 frilled lizards (D:2)
  A jackal zombie (D:5)
  A kobold (D:2)
  8 rats
92 creatures vanquished.

Vanquished Creatures (collateral kills)
  Duvessa (D:5)
  An ice beast (D:6)
  A phantom (D:6)
  A howler monkey (D:4)
  A bullfrog zombie (D:5)
  An orc priest (D:6)
  Terence (D:2)
  Jessica (D:2)
  An iguana (D:4)
  3 gnolls
  2 adders
  A shadow imp (D:5)
  A worm (D:4)
  6 orcs
  A bat (D:1)
  2 giant cockroaches
  A goblin (D:3)
  2 hobgoblins (D:1)
  A jackal (D:4)
  A kobold (D:1)
  3 ball pythons
  5 frilled lizards
  5 rats
43 creatures vanquished.

Vanquished Creatures (others)
  A goblin (D:3)
  5 plants (D:2)
6 creatures vanquished.

Grand Total: 141 creatures vanquished

Notes
Turn   | Place    | Note
-------+----------+-------------------------------------------
     0 | D:1      | Mattiprrivan the Tengu Summoner began the quest for the
                  | Orb.
     0 | D:1      | Reached XP level 1. HP: 10/10 MP: 4/4
   286 | D:1      | Reached skill level 5 in Summonings
   454 | D:1      | Reached XP level 2. HP: 15/15 MP: 4/6
   457 | D:1      | Learned a level 2 spell: Call Imp
  1151 | D:2      | Reached XP level 3. HP: 14/19 MP: 7/7
  1412 | D:2      | Noticed Jessica
  1424 | D:2      | Killed Jessica
  1425 | D:2      | Reached skill level 1 in Short Blades
  1425 | D:2      | Reached XP level 4. HP: 24/24 MP: 3/8
  1520 | D:2      | Learned a level 4 spell: Summon Lightning Spire
  1540 | D:2      | Noticed Terence
  1549 | D:2      | Killed Terence
  1550 | D:2      | Reached skill level 1 in Unarmed Combat
  1887 | D:2      | Reached skill level 1 in Armour
  1968 | D:3      | Found a faded altar of an unknown god.
  2105 | D:3      | Reached skill level 1 in Air Magic
  2157 | D:3      | Found a white marble altar of Elyvilon.
  2240 | D:3      | Gained mutation: You can fly continuously. [Tengu growth]
  2240 | D:3      | Reached XP level 5. HP: 18/28 MP: 2/10
  2403 | D:3      | Found a burning altar of Makhleb.
  2404 | D:3      | Noticed a balrug
  2408 | D:3      | Noticed a ynoxinul
  2408 | D:3      | Noticed a ynoxinul
  2410 | D:3      | Became a worshipper of Makhleb the Destroyer
  2515 | D:3      | Found a basalt altar of Yredelemnul.
  2515 | D:3      | Found a stormy altar of Qazlal.
  2577 | D:3      | Reached skill level 1 in Throwing
  2734 | D:3      | Reached skill level 1 in Fighting
  2734 | D:3      | Reached XP level 6. HP: 31/34 MP: 8/11
  3054 | D:4      | Reached skill level 1 in Long Blades
  3142 | D:4      | Reached skill level 1 in Evocations
  3454 | D:4      | Found a staircase to the Ecumenical Temple.
  4170 | D:4      | Reached * piety under Makhleb
  4471 | D:4      | Found an opulent altar of Gozag.
  4504 | D:4      | Reached XP level 7. HP: 38/38 MP: 12/12
  4714 | D:4      | Found a shimmering blue altar of Sif Muna.
  5068 | D:4      | Found a radiant altar of Vehumet.
  5241 | D:5      | Entered Level 5 of the Dungeon
  5401 | D:5      | Reached skill level 1 in Invocations
  5547 | D:5      | Reached skill level 6 in Summonings
  5997 | D:5      | Noticed Duvessa
  5997 | D:5      | Noticed Dowan
  6007 | D:5      | Killed Duvessa
  6014 | D:5      | Killed Dowan
  6298 | D:6      | Reached XP level 8. HP: 44/44 MP: 14/14
  7095 | D:6      | HP: 2/44 [centaur/arrow (7)]
  7468 | D:6      | Reached ** piety under Makhleb
  7478 | D:6      | Killed from afar by an orc priest

Illustrated notes

Levels and vault maps discovered:
D:1:      minmay_arrival_shattered_statue, layout_basic
D:2:      layout_rooms, minmay_lizard_king, uniq_terence, uniq_jessica
D:3:      layout_loops_corners, makhleb_altar_promises_db, elyvilon_altar_4,
          chequers_temple_overflow_statue_of_worship,
          chequers_ecumenical_altar_simple
D:4:      wad_river_or_something, layout_layer_cave, kennysheep_mini,
          general_overflow_altar, minmay_temple_entry_glassed_door,
          portal_sewer_entry_e, lemuel_blue_sif_altar
D:5:      layout_basic, uniq_duvessa
D:6:      layout_basic

Skill      XL: |  1  2  3  4  5  6  7  8 |
---------------+-------------------------+-----
Summonings     | 5 6 |  6.5
Short Blades   | 1 2 |  2.7
Unarmed Combat | 1 2 |  2.8
Armour         | 1 2 |  2.7
Air Magic      | 1 2 3 |  3.1
Throwing       | 1 2 |  2.3
Fighting       | 1 2 |  2.1
Spellcasting   | 3 |  3.9
Long Blades    | 1 2 |  2.4
Evocations     | 1 2 |  2.0
Dodging        | 3 |  3.4
Invocations    | 1 |  1.7
Stealth        | 3 |  3.2

Action                   |  1- 3 |  4- 6 |  7- 9 || total
-------------------------+-------+-------+-------++-------
Melee: Unarmed           |    14 |       |       ||    14
       Short sword       |    24 |    97 |    65 ||   186
       Kick              |     9 |    19 |    22 ||    50
       Peck              |     5 |     9 |    12 ||    26
       Dagger            |       |       |    34 ||    34
       Punch             |       |       |     1 ||     1
Throw: Dart              |    10 |    19 |    19 ||    48
 Cast: Summon Small Mamm |    11 |       |       ||    11
       Call Imp          |     9 |    24 |    25 ||    58
       Summon Lightning  |       |       |     2 ||     2
 Abil: Fly               |       |     1 |       ||     1
       Stop Flying       |       |     1 |       ||     1
Evoke: Wand              |       |     3 |     1 ||     4
  Use: Scroll            |     5 |    10 |     8 ||    23
       Potion            |     5 |     4 |     4 ||    13
 Stab: Sleeping          |     3 |     3 |       ||     6
       Distracted        |       |     1 |       ||     1
Armor: Leather armour    |     8 |    24 |    24 ||    56
Dodge: Dodged            |    31 |    77 |    60 ||   168
